 Dungeon Crawl Stone Soup version 0.19.1 (webtiles) character file.

11904 Gargoyl the Cleaver (level 11, 0/99 HPs)
             Began as a Purple Draconian Abyssal Knight on Dec 5, 2016.
             Was a High Priest of Lugonu.
             Succumbed to a killer bee's poison
             ... on level 10 of the Dungeon.
             The game lasted 00:25:50 (11805 turns).

Gargoyl the Cleaver (DrAK)                         Turns: 11805, Time: 00:25:51

Health: 0/99       AC: 12    Str: 20    XL:     11   Next: 55%
Magic:  13/13      EV: 18    Int: 13    God:    Lugonu [*****.]
Gold:   676        SH:  9    Dex: 17    Spells: 0 memorised, 10 levels left

rFire  + . .     SeeInvis +     r - +4 war axe (venom)
rCold  + + .     Gourm    .     (armour unavailable)
rNeg   . . .     Faith    .     f - +3 buckler {rC+ rF+}
rPois  .         Spirit   .     (helmet restricted)
rElec  .         Reflect  .     g - +2 cloak
rCorr  .         Harm     .     (no gloves)
MR     +....     Rnd*Rage +     D - +1 pair of boots
Stlth  ++........               (no amulet)
                                o - ring of the Villain {+Fly Str+3 Dex+2 SInv}
                                e - ring of protection from cold

@: lethally poisoned (0 -> -6)
A: breathe power, unfitting armour, agile 2, berserk 1, cold-blooded, AC +7
a: Breathe Dispelling Energy, Depart the Abyss, Bend Space, Banish, Corrupt,
Enter the Abyss, Renounce Religion, Evoke Flight


You were on level 10 of the Dungeon.
You worshipped Lugonu.
Lugonu was extremely pleased with you.
You were very hungry.

You visited 1 branch of the dungeon, and saw 13 of its levels.
You visited the Abyss 1 time.

You collected 676 gold pieces.

Inventory:

Hand Weapons
 r - a +4 war axe of venom (weapon)
 x - a +1 war axe
 y - a +2 hand axe
Missiles
 q - 27 tomahawks (quivered)
Armour
 f - a +3 buckler of resistance (worn)
 g - a +2 cloak (worn)
 t - a +2 buckler of poison resistance
 D - a +1 pair of boots (worn)
Jewellery
 c - an uncursed ring of magical power
 e - a ring of protection from cold (left hand)
 o - the ring of the Villain (right hand) {+Fly Str+3 Dex+2 SInv}
   (You found it on level 4 of the Dungeon)

   [ring of dexterity]

   It affects your strength (+3).
   It affects your dexterity (+2).
   It lets you see invisible.
   It lets you fly.
 B - an uncursed amulet of the gourmand
Wands
 w - a wand of digging (11/24)
 A - a wand of paralysis (20/24)
 E - a wand of confusion (19/48)
Scrolls
 a - a scroll of enchant weapon
 j - a scroll of identify
 n - 7 scrolls of remove curse
 u - 2 scrolls of magic mapping
Potions
 h - 3 potions of might
 s - a potion of agility
 v - 2 potions of cure mutation
 z - a potion of brilliance
Books
 d - a book of Misfortune

   Spells                             Type                      Level
   a - Confusing Touch                Hexes                        1
   b - Confuse                        Hexes                        3
   c - Gell's Gravitas                Hexes/Translocation          3
   d - Petrify                        Transmutation/Earth          4
   e - Metabolic Englaciation         Hexes/Ice                    5
   f - Yara's Violent Unravelling     Hexes/Transmutation          5
Miscellaneous
 p - a sack of spiders
Comestibles
 b - 8 bread rations
 i - 7 meat rations
 k - 3 beef jerkies
 l - 6 fruits


   Skills:
 * Level 10.0 Fighting
 + Level 10.2 Axes
 + Level 0.8 Throwing
 * Level 8.5 Dodging
 + Level 2.8 Stealth
 * Level 8.7 Shields
 + Level 3.2 Invocations


You had 10 spell levels left.
You didn't know any spells.

Dungeon Overview and Level Annotations

Branches:
Dungeon (13/15)            Temple (0/1) D:7            Lair (0/6) D:9
    Orc: D:9-12      Vaults: D:13-14

Altars:
Ashenzari
Cheibriados
Elyvilon
Kikubaaqudgha
Okawaru
Qazlal
Ru
Trog
Uskayaw
Vehumet
Zin

Annotations:
Abyss:1 Erica, Menkaure


Innate Abilities, Weirdness & Mutations

You can breathe bolts of dispelling energy.
Your rich purple scales are hard. (AC +7)
You cannot fit into any form of body armour.
You are cold-blooded and may be slowed by cold attacks.
You are very agile. (Dex +4)
You tend to lose your temper in combat.


Message History

As you read the scroll labeled LALEGG TARUD, it crumbles to dust.
You assume a fearsome visage.
The killer bee looks frightened! x2
It was a scroll of fear.
* * * LOW HITPOINT WARNING * * *
You feel sick.
Unknown command.
* * * LOW HITPOINT WARNING * * *
You feel sick.
* * * LOW HITPOINT WARNING * * *
You feel sick.
There is an open door here.
* * * LOW HITPOINT WARNING * * *
You feel sick.
* * * LOW HITPOINT WARNING * * *
You feel sick.
* * * LOW HITPOINT WARNING * * *
You feel sick.
* * * LOW HITPOINT WARNING * * *
You feel sick.
You die...

...# #####.### ##)# ####
#....# #)# ..#
####.####### #######)###
..# #..........#
#......)..#
..######..........#
#.........#.
..'......<........#
#...........
..######..........#
#.......†..# ..#
#..........####..........#
..#
#........@...##..........#
..#
#>.........#..'.<........#
..#
#..........####..........#
..# #..........#
#.........## ..#
#..........# #.........#
### ############
######'#### ..# ##


There were no monsters in sight!

Vanquished Creatures
  The ghost of TheSquall the Fencer, a journeyman MiFi of Okawaru (D:10)
  Pikel (D:6)
  A centaur zombie (D:13)
  Maurice (D:8)
  3 trolls
  Prince Ribbit (D:5)
  A hippogriff (D:12)
  2 wraiths
  Sigmund (D:5)
  2 wyverns
  12 yaks
  A hungry ghost (D:13)
  A mottled dragon (D:13)
  Edmund (D:5)
  3 water moccasins
  4 slaves (D:6)
  A hornet zombie (D:6)
  A black bear (D:9)
  2 orc warriors
  3 sky beasts
  3 ice beasts
  10 ogres
  3 centaurs
  3 crocodiles
  2 big kobolds (D:7)
  7 bullfrogs
  4 scorpions
  A killer bee (D:10)
  2 howler monkeys
  13 wights
  4 crimson imps
  3 hounds
  Crazy Yiuf (D:2)
  2 bullfrog zombies
  A jelly (D:13)
  3 orc priests
  2 centaur skeletons
  12 orc wizards
  A gnoll shaman (D:8)
  Ijyb (D:2)
  Jessica (D:2)
  4 iguanas
  Terence (D:2)
  Natasha (D:3)
  8 worker ants
  A killer bee zombie (D:6)
  2 hound zombies
  A hound skeleton (D:8)
  6 gnolls
  9 adders
  A shadow imp (D:9)
  An ooze (D:1)
  2 adder zombies
  2 adder skeletons
  A worm (D:3)
  2 dart slugs
  3 leopard geckos
  44 orcs
  8 bats
  8 giant cockroaches
  3 goblins
  7 hobgoblins
  2 jackals (D:5)
  18 kobolds
  3 quokkas
  6 frilled lizards
  A leopard gecko skeleton (D:5)
  9 rats
  A fungus (D:2)
277 creatures vanquished.

Notes
Turn   | Place    | Note
-------+----------+-------------------------------------------
     0 | Abyss:1  | Gargoyl the Draconian Abyssal Knight began the quest for the Orb.
     0 | Abyss:1  | Reached XP level 1. HP: 19/19 MP: 2/2
    81 | D:1      | Escaped the Abyss
   226 | D:1      | Reached * piety under Lugonu
   430 | D:1      | Reached XP level 2. HP: 24/26 MP: 3/3
   830 | D:1      | Found a snail-covered altar of Cheibriados.
   965 | D:2      | Noticed Terence
   990 | D:2      | Killed Terence
   990 | D:2      | Reached XP level 3. HP: 19/33 MP: 4/4
  1216 | D:2      | Noticed Jessica
  1227 | D:2      | Killed Jessica
  1227 | D:2      | Reached XP level 4. HP: 36/40 MP: 5/5
  1662 | D:2      | Noticed Ijyb
  1710 | D:2      | Killed Ijyb
  2034 | D:2      | Reached ** piety under Lugonu
  2034 | D:2      | Reached XP level 5. HP: 37/47 MP: 6/6
  2492 | D:2      | Found a runed door.
  2496 | D:2      | Noticed Crazy Yiuf
  2509 | D:2      | Killed Crazy Yiuf
  2509 | D:2      | Reached skill level 1 in Shields
  2534 | D:3      | Found a hide-covered altar of Uskayaw.
  2694 | D:3      | Found a stormy altar of Qazlal.
  3201 | D:3      | Noticed Natasha
  3215 | D:3      | HP: 1/47 [Natasha/magic dart (6)]
  3216 | D:3      | Killed Natasha
  3736 | D:4      | Reached XP level 6. HP: 51/55 MP: 7/7
  3939 | D:4      | Found a sacrificial altar of Ru.
  3940 | D:4      | Found a bloodstained altar of Trog.
  3940 | D:4      | Found a radiant altar of Vehumet.
  3946 | D:4      | Got a translucent platinum ring
  3948 | D:4      | Identified the ring of the Villain {+Fly Str+3 Dex+2 SInv} (You found it on level 4 of the Dungeon)
  4268 | D:4      | Found a sacrificial altar of Ru.
  4429 | D:4      | Reached skill level 5 in Fighting
  4587 | D:5      | Entered Level 5 of the Dungeon
  4591 | D:5      | Noticed an ice beast
  4610 | D:5      | Killed an ice beast
  4659 | D:5      | Noticed Edmund
  4670 | D:5      | Killed Edmund
  4670 | D:5      | Your scales start taking on a rich purple colour.
  4670 | D:5      | Reached XP level 7. HP: 43/61 MP: 8/8
  4841 | D:5      | Noticed Prince Ribbit
  4853 | D:5      | Killed Prince Ribbit
  4853 | D:5      | Reached skill level 5 in Axes
  5010 | D:5      | Found an ancient bone altar of Kikubaaqudgha.
  5014 | D:5      | Noticed Sigmund
  5017 | D:5      | Reached *** piety under Lugonu
  5031 | D:5      | Killed Sigmund
  5031 | D:5      | Reached skill level 5 in Dodging
  5031 | D:5      | Reached skill level 1 in Stealth
  5031 | D:5      | Reached XP level 8. HP: 70/70 MP: 9/9
  5406 | D:6      | Noticed Pikel
  5822 | D:6      | Killed Pikel
  6204 | D:6      | Reached XP level 9. HP: 74/78 MP: 10/10
  6297 | D:6      | Gained mutation: You have a pair of small horns on your head. [mutagenic meat]
  6299 | D:6      | Lost mutation: You have a pair of small horns on your head. [mutagenic meat]
  6412 | D:6      | Reached skill level 5 in Shields
  6486 | D:7      | Reached **** piety under Lugonu
  6577 | D:7      | Noticed Menkaure
  6586 | D:7      | Banished Menkaure
  7194 | D:7      | Found a staircase to the Ecumenical Temple.
  7342 | D:7      | Found an iron altar of Okawaru.
  7383 | D:7      | Found a white marble altar of Elyvilon.
  7386 | D:7      | Found a shattered altar of Ashenzari.
  7389 | D:7      | Found a glowing silver altar of Zin.
  7958 | D:8      | Noticed Maurice
  7983 | D:8      | Killed Maurice
  7983 | D:8      | Reached XP level 10. HP: 67/88 MP: 12/12
  8614 | D:9      | Found a staircase to the Lair.
  8627 | D:9      | Noticed Erica
  8640 | D:9      | Reached ***** piety under Lugonu
  8645 | D:9      | Banished Erica
  9991 | D:10     | Entered Level 10 of the Dungeon
 10166 | D:10     | You fall through a shaft for 3 floors!
 10261 | D:13     | Identified a scroll of acquirement
 10313 | D:13     | Reached XP level 11. HP: 79/97 MP: 13/13
 11539 | D:10     | Reached skill level 10 in Axes
 11755 | D:10     | Noticed TheSquall's ghost (journeyman MiFi)
 11778 | D:10     | Killed TheSquall's ghost
 11778 | D:10     | Reached skill level 10 in Fighting
 11797 | D:10     | Gained mutation: You are agile. (Dex +2) [potion of mutation]
 11797 | D:10     | Gained mutation: You are very agile. (Dex +4) [potion of mutation]
 11797 | D:10     | Gained mutation: You tend to lose your temper in combat. [potion of mutation]
 11799 | D:10     | HP: 4/99 [poisoned by a killer bee]
 11803 | D:10     | HP: 1/99 [poisoned by a killer bee]
 11805 | D:10     | Succumbed to a killer bee's poison

Skill      XL: |  1  2  3  4  5  6  7  8  9 10 11 |
---------------+----------------------------------+-----
Fighting       | 4 5 6 7 9 10 | 10.0
Dodging        | 3 4 5 7 8 |  8.5
Axes           | 3 4 5 6 7 9 10 | 10.2
Shields        | 1 2 3 4 6 7 8 |  8.7
Stealth        | 1 2 |  2.8
Invocations    | 3 |  3.2
Throwing       | |  0.8

Action                   |  1- 3 |  4- 6 |  7- 9 | 10-12 || total
-------------------------+-------+-------+-------+-------++-------
Melee: Hand axe          |    83 |   294 |       |       ||   377
       Tailslap          |     7 |    32 |    39 |    46 ||   124
       War axe           |       |     7 |   285 |   315 ||   607
Throw: Tomahawk          |       |     4 |     1 |     1 ||     6
Invok: Depart the Abyss  |     1 |       |       |       ||     1
       Bend Space        |       |       |     2 |       ||     2
       Banish            |       |       |     1 |     1 ||     2
 Abil: Breathe Dispellin |       |       |    16 |    10 ||    26
  Use: Scroll            |     1 |     8 |     5 |    11 ||    25
       Potion            |       |     4 |     4 |     4 ||    12
 Stab: Invisible         |       |     1 |       |       ||     1
       Sleeping          |       |       |     2 |     2 ||     4
  Eat: Chunk             |     1 |     9 |     8 |    15 ||    33
       Fruit             |       |     3 |       |       ||     3
       Bread ration      |       |       |     2 |       ||     2
Armor: Skin              |    28 |    83 |   111 |    90 ||   312
Dodge: Dodged            |    49 |   168 |   231 |   249 ||   697
Block: Buckler           |    20 |    78 |   195 |   151 ||   444
